 Dungeon Crawl Stone Soup version 0.23-a0-730-g0b75920 (webtiles) character file.

25375 Blackhawk the Grappler (level 12, -7/99 HPs)
             Began as a Demonspawn Fighter on Jan 17, 2019.
             Was a Priest of Qazlal.
             Mangled by Rupert
             ... wielding a +1 great mace of crushing
              (18 damage)
             ... on level 5 of the Lair of Beasts.
             The game lasted 00:45:01 (19069 turns).

Blackhawk the Grappler (Demonspawn Fighter)        Turns: 19069, Time: 00:45:01

Health: -7/99      AC: 15    Str: 21    XL:     12   Next: 88%
Magic:  15/15      EV:  7    Int:  9    God:    Qazlal [***...]
Gold:   222        SH: 23    Dex: 22    Spells: 11/11 levels left

rFire    + . .     SeeInvis .   b - +2 hand axe (venom)
rCold    + . .     Gourm    .   c - +0 shield
rNeg     . . .     Faith    .   y - +0 chain mail
rPois    .         Spirit   .   L - +2 hat
rElec    .         Reflect  .   Q - scarf {cloud immunity}
rCorr    .         Harm     .   (gloves unavailable)
MR       .....                  J - +1 pair of boots of Divine Compulsion {+Inv rC+ Regen+ Slay+3}
Stlth    ..........             v - amulet of the acrobat
HPRegen  0.66/turn              G - ring "Gosud" {+Fly MR- Dex+8 Stlth+}
MPRegen  0.14/turn              O - ring of protection from magic

@: no status effects
A: claws 3, large bone plates 2, demonic guardian 1, fire resistance 1
a: Upheaval, Elemental Force, Renounce Religion, Evoke Invisibility, Evoke
Flight


You were on level 5 of the Lair of Beasts.
You worshipped Qazlal.
Qazlal was most pleased with you.
You were hungry.

You visited 2 branches of the dungeon, and saw 15 of its levels.
You also visited: Sewer and Gauntlet.

You collected 782 gold pieces.
You spent 560 gold pieces at shops.

Inventory:

Hand Weapons
 a - a +2 hand axe of flaming
 b - a +2 hand axe of venom (weapon)
 n - a +1 whip of flaming
 D - a +0 war axe
Missiles
 C - a throwing net (quivered)
Armour
 c - a +0 shield (worn)
 j - a +2 hat
 y - a +0 chain mail (worn)
 J - the +1 pair of boots of Divine Compulsion (worn) {+Inv rC+ Regen+ Slay+3}
   (You bought it in a shop on level 6 of the Dungeon)

   It affects your accuracy and damage with ranged weapons and melee attacks
   (+3).
   It protects you from cold.
   It lets you turn invisible.
   It increases your rate of regeneration.
 L - a +2 hat (worn)
 M - a +0 chain mail of fire resistance
 P - a +0 pair of boots
 Q - a scarf of cloud immunity (worn)
Jewellery
 v - an amulet of the acrobat (around neck)
 G - the ring "Gosud" (left claw) {+Fly MR- Dex+8 Stlth+}
   (You found it on level 9 of the Dungeon)

   [ring of stealth]

   It affects your dexterity (+8).
   It affects your resistance to hostile enchantments.
   It lets you fly.
   It makes you more stealthy.
 N - a +3 amulet of reflection {unknown}
 O - a ring of protection from magic (right claw)
Wands
 k - a wand of random effects (25)
 s - a wand of iceblast (6)
 t - a wand of clouds (4)
 F - a wand of disintegration (8)
Scrolls
 g - 7 scrolls of remove curse
 l - 5 scrolls of amnesia
 m - 4 scrolls of fear
 r - a scroll of fog
 x - 4 scrolls of identify
 z - 4 scrolls of magic mapping
 A - 2 scrolls of enchant armour
 E - a scroll of teleportation
 H - 3 scrolls of enchant weapon
 R - a scroll of vulnerability {unknown}
Potions
 d - 2 potions of might
 e - a potion of invisibility
 h - a potion of cancellation
 i - 3 potions of heal wounds
 o - a potion of curing
 p - 4 potions of mutation
 q - 3 potions of lignification
 u - 2 potions of haste
 w - 2 potions of ambrosia
 B - 2 potions of flight
 K - 2 potions of resistance
Miscellaneous
 I - a phial of floods (inert)
Comestibles
 f - 23 rations


   Skills:
 + Level 10.6 Fighting
 - Level 3.2 Axes
 + Level 9.7 Armour
 + Level 9.8 Shields
 * Level 11.3 Unarmed Combat
 + Level 4.9 Invocations


You had 11 spell levels left.
You didn't know any spells.
Your spell library contained the following spells:

 Spells                   Type           Power        Failure   Level  Hunger
 Animate Skeleton         Necr           N/A          99%         1    ##.....
 Apportation              Tloc           #.....       99%         1    ##.....
 Confusing Touch          Hex            #.....       99%         1    ##.....
 Magic Dart               Conj           #...         99%         1    ##.....
 Summon Small Mammal      Summ           #...         99%         1    ##.....
 Searing Ray              Conj           #.....       100%        2    ###....
 Dazzling Spray           Conj/Hex       #.....       100%        3    ####...
 Force Lance              Conj/Tloc      #.......     100%        4    #####..
 Fulminant Prism          Conj/Hex       #.........   100%        4    #####..
 Iskenderun's Mystic Bla  Conj           #.......     100%        4    #####..


Dungeon Overview and Level Annotations

Branches:
Dungeon (10/15)            Temple (0/1) D:6            Lair (5/6) D:9
 Shoals (0/4) Lair:2        Snake (0/4) Lair:3
  Slime: Lair:5-6       Orc: D:9-12

Altars:
Cheibriados
Fedhas
Makhleb
Qazlal
Uskayaw
Vehumet
Xom
Zin

Shops:
D:5 (   D:6 [

Annotations:
D:2 Sigmund
D:4 3 runed doors, RedSky's ghost, amateur DrTm
D:6 1 runed door
D:9 2 transporters, Blackhawk's ghost, novice DsGl
Lair:2 1 runed door, RedSky's ghost, journeyman OgBe
Lair:5 Rupert


Innate Abilities, Weirdness & Mutations

You have claws for hands.
You are mostly covered in large bone plates. (SH +6)
A weak demonic guardian rushes to your aid.
Your flesh is heat resistant. (rF+)


Message History

Your shadow imp hits Rupert.
You closely miss Rupert.
Rupert is heavily wounded.
Your white imp gestures at Rupert.
The puff of frost hits Rupert.
Rupert shouts at your white imp, "I'm a great and powerful hero!"
Rupert roars madly and goes into a rage!
Rupert goes berserk!
Your shadow imp hits Rupert.
You bump into the rock wall.
Rupert hits your white imp with a +1 great mace of crushing!!
Your white imp dies!
Your shadow imp closely misses Rupert.
Rupert shouts!
Rupert hits you with a +1 great mace of crushing!!!
* * * LOW HITPOINT WARNING * * *
x2 You're too confused!
Unknown command.
You feel better.
Rupert hits you with a +1 great mace of crushing!!
You die...

≈≈≈... ###...#P##..
#≈≈##...###
##...........
#≈..#.....##
##....P.......
#≈.}.....#.#
##...####.#....
#≈≈........##
###P..#.# #######
#≈≈≈.#......##
#.#..#### #
#≈≈≈.........#
##.### #
##≈≈..........###.##
#
≈≈...#........5@@##
# ................##
.....>........°.#
.........##P..###
.......#.######
.#..#..### #..#####
####


You could see Rupert (berserk) and a friendly shadow imp.

Vanquished Creatures
  Gastronok (Lair:1)
  4 hydras
  Harold (D:8)
  A two-headed ogre (D:8)
  Sonja (Lair:4)
  Pikel (D:5)
  A manticore (Lair:2)
  5 elephants (Lair:2)
  3 black mambas
  3 spiny frogs
  2 rime drakes
  4 komodo dragons
  A polar bear (Lair:2)
  A hornet (D:9)
  Prince Ribbit (D:5)
  7 blink frogs
  7 hippogriffs
  A dream sheep (D:8)
  6 wyverns
  23 yaks
  A basilisk (D:9)
  Eustachio (D:6)
  An acid dragon (D:9)
  2 water moccasins
  Duvessa (D:6)
  4 porcupines
  2 slaves (D:5)
  A sky beast (D:5)
  A black bear (D:6)
  2 centaurs
  4 ogres
  4 wolves (Lair:1)
  11 crocodiles
  Blork the orc (D:4)
  5 big kobolds
  7 bullfrogs
  Dowan (D:6)
  A water moccasin skeleton (D:9)
  3 scorpions
  A wyvern skeleton (D:9)
  7 crimson imps
  4 hounds
  4 orc priests (D:8)
  A jelly (D:8)
  8 orc wizards
  A bullfrog skeleton (D:6)
  A centaur skeleton (D:4)
  2 iguanas
  3 worker ants
  A hound zombie (D:6)
  A hound skeleton (D:5)
  Robin (D:4)
  A howler monkey zombie (D:8)
  13 gnolls
  A howler monkey skeleton (D:3)
  A river rat (Sewer)
  9 adders
  2 shadow imps
  3 white imps (Lair:5)
  3 oozes
  An adder skeleton (D:5)
  4 worms
  A dart slug (D:2)
  10 leopard geckos
  33 orcs
  8 bats
  8 giant cockroaches
  22 goblins
  7 hobgoblins
  10 jackals
  19 kobolds
  A quokka (D:6)
  8 ball pythons
  6 frilled lizards
  2 quokka zombies
  18 rats
353 creatures vanquished.

Vanquished Creatures (collateral kills)
  An ice dragon (Lair:5)
  A komodo dragon (Lair:1)
  2 blink frogs
  A dream sheep (D:8)
  4 yaks
  A basilisk (Lair:3)
  A slave (D:5)
  An ogre (D:6)
  A centaur (D:5)
  2 bullfrogs
  An electric eel (Lair:1)
  A crimson imp (D:8)
  A hound (D:9)
  2 gnolls (D:5)
  A shadow imp (D:6)
  3 orcs
  2 kobolds (D:5)
26 creatures vanquished.

Vanquished Creatures (others)
  2 fungi
  4 plants
6 creatures vanquished.

Grand Total: 385 creatures vanquished

Notes
Turn   | Place    | Note
-------+----------+-------------------------------------------
     0 | D:1      | Blackhawk the Demonspawn Fighter began the quest for the
                  | Orb.
     0 | D:1      | Reached XP level 1. HP: 18/18 MP: 1/1
   293 | D:1      | Gained mutation: Your flesh is heat resistant. (rF+)
                  | [demonic ancestry]
   293 | D:1      | Reached XP level 2. HP: 24/24 MP: 2/2
  1104 | D:2      | Gained mutation: You have sharp fingernails. [demonic
                  | ancestry]
  1104 | D:2      | Reached XP level 3. HP: 29/29 MP: 3/3
  1298 | D:2      | Found a faded altar of an unknown god.
  1301 | D:2      | Noticed Sigmund
  1936 | D:3      | Reached XP level 4. HP: 29/35 MP: 4/4
  2656 | D:4      | Reached XP level 5. HP: 37/42 MP: 5/5
  2783 | D:4      | Noticed Blork the orc
  2807 | D:4      | Killed Blork the orc
  2997 | D:4      | Gained mutation: You have very sharp fingernails. [demonic
                  | ancestry]
  2997 | D:4      | Reached XP level 6. HP: 47/49 MP: 6/6
  3030 | D:4      | Found a glowing drain.
  3090 | Sewer    | Entered a sewer
  3635 | D:4      | Reached skill level 1 in Unarmed Combat
  4068 | D:4      | Gained mutation: A weak demonic guardian rushes to your
                  | aid. [demonic ancestry]
  4068 | D:4      | Reached XP level 7. HP: 55/55 MP: 7/7
  4271 | D:4      | Found a runed gate.
  4271 | D:4      | Identified the +10 whip "Xugov" {drain, Int+2}
  4271 | D:4      | Noticed RedSky's ghost (amateur DrTm)
  4284 | D:4      | Found a runed gate.
  4284 | D:4      | Found a runed gate.
  4441 | D:4      | Noticed Robin
  4451 | D:4      | Killed Robin
  4591 | D:5      | Entered Level 5 of the Dungeon
  4685 | D:5      | Noticed Prince Ribbit
  4693 | D:5      | Killed Prince Ribbit
  4693 | D:5      | Reached skill level 5 in Fighting
  4693 | D:5      | Reached skill level 2 in Unarmed Combat
  5581 | D:5      | Found Vemnol's Antique Weapon Emporium.
  5581 | D:5      | Noticed Pikel
  5596 | D:5      | Killed Pikel
  5596 | D:5      | Reached skill level 5 in Armour
  5596 | D:5      | Reached skill level 5 in Shields
  5596 | D:5      | Reached skill level 3 in Unarmed Combat
  5596 | D:5      | Reached XP level 8. HP: 45/64 MP: 8/8
  5777 | D:5      | Found a snail-covered altar of Cheibriados.
  5778 | D:5      | Found a stormy altar of Qazlal.
  5787 | D:5      | Became a worshipper of Qazlal Stormbringer
  6325 | D:6      | Reached skill level 4 in Unarmed Combat
  6358 | D:6      | Found a staircase to the Ecumenical Temple.
  6390 | D:6      | Found a runed door.
  6678 | D:6      | Found Foixt's Armour Shop.
  6682 | D:6      | Noticed Duvessa
  6683 | D:6      | Noticed Dowan
  6696 | D:6      | Killed Duvessa
  6696 | D:6      | Gained mutation: You have claws for hands. [demonic
                  | ancestry]
  6696 | D:6      | Reached XP level 9. HP: 52/71 MP: 9/9
  6699 | D:6      | Killed Dowan
  7272 | D:6      | Noticed Eustachio
  7286 | D:6      | Killed Eustachio
  7796 | D:7      | Reached * piety under Qazlal
  7937 | D:7      | Found a hide-covered altar of Uskayaw.
  7983 | D:7      | Found a blossoming altar of Fedhas.
  7986 | D:7      | Found a radiant altar of Vehumet.
  7989 | D:7      | Found a glowing silver altar of Zin.
  8656 | D:8      | Reached skill level 5 in Unarmed Combat
  8869 | D:8      | Noticed a two-headed ogre
  8884 | D:8      | Killed a two-headed ogre
  9085 | D:8      | Reached skill level 6 in Unarmed Combat
  9581 | D:8      | Reached XP level 10. HP: 73/80 MP: 10/10
  9756 | D:8      | Noticed Harold
  9776 | D:8      | Killed Harold
 10332 | D:8      | Found the +6 lightning scales {run, rElec}
 10379 | D:8      | Reached ** piety under Qazlal
 10389 | D:8      | Reached skill level 7 in Unarmed Combat
 10665 | D:8      | Noticed a two-headed hydra
 10673 | D:8      | Killed a one-headed hydra
 10871 | D:9      | Found a transporter.
 10873 | D:9      | Noticed Blackhawk's ghost (novice DsGl)
 10874 | D:9      | Noticed a two-headed ogre
 10875 | D:9      | Found a transporter.
 10875 | D:9      | Identified the cursed +0 great mace of Termination {flame,
                  | *Slow +Blink MR++}
 10875 | D:9      | Noticed a two-headed ogre
 10894 | D:9      | Found a burning altar of Makhleb.
 11089 | D:9      | Got a sparkling golden ring
 11318 | D:9      | Found a shimmering altar of Xom.
 11490 | D:9      | Reached skill level 8 in Unarmed Combat
 11514 | D:9      | Paralysed by a hornet for 2 turns
 11799 | D:9      | Gained mutation: You are partially covered in large bone
                  | plates. (SH +4) [demonic ancestry]
 11799 | D:9      | Reached XP level 11. HP: 44/87 MP: 11/11
 12025 | D:9      | Found a staircase to the Lair.
 12355 | D:10     | Entered Level 10 of the Dungeon
 12497 | D:10     | Noticed a red ugly thing
 12651 | Lair:1   | Entered Level 1 of the Lair of Beasts
 12758 | D:6      | Bought the +1 pair of boots of Divine Compulsion {+Inv rC+
                  | Regen+ Slay+3} for 560 gold pieces
 12892 | Lair:1   | Noticed Gastronok
 12913 | Lair:1   | Killed Gastronok
 12913 | Lair:1   | Reached skill level 9 in Unarmed Combat
 13077 | Lair:1   | You fall through a shaft!
 13096 | Lair:2   | Reached *** piety under Qazlal
 13962 | Lair:2   | Found a staircase to the Shoals.
 14118 | Lair:2   | Identified the ring "Gosud" {+Fly MR- Dex+8 Stlth+} (You
                  | found it on level 9 of the Dungeon)
 14458 | Lair:2   | Reached skill level 10 in Unarmed Combat
 14475 | Lair:2   | Gained mutation: You are mostly covered in large bone
                  | plates. (SH +6) [demonic ancestry]
 14475 | Lair:2   | Reached XP level 12. HP: 15/97 MP: 12/12
 14833 | Lair:2   | Found a runed door.
 14834 | Lair:2   | Found a shimmering altar of Xom.
 14834 | Lair:2   | Noticed RedSky's ghost (journeyman OgBe)
 14834 | Lair:2   | Identified the +5 long sword "Killer Bee's Curse" {chaos,
                  | rF+ rN+ Dex+6}
 15330 | Lair:3   | Reached skill level 10 in Fighting
 15582 | Lair:3   | Noticed a five-headed hydra
 15592 | Lair:3   | Killed a two-headed hydra
 15592 | Lair:3   | Reached skill level 1 in Invocations
 16051 | Lair:3   | Reached **** piety under Qazlal
 16388 | Lair:3   | Found a staircase to the Snake Pit.
 17492 | Lair:4   | Noticed Sonja
 17514 | Lair:4   | Killed Sonja
 18060 | Lair:5   | Found a gate leading to a gauntlet.
 18061 | Lair:5   | Noticed a five-headed hydra
 18073 | Lair:5   | Killed a one-headed hydra
 18073 | Lair:5   | Reached skill level 11 in Unarmed Combat
 18161 | Gauntlet | Entered a Gauntlet
 18161 | Gauntlet | Found a transporter.
 18161 | Gauntlet | Found a transporter.
 18161 | Gauntlet | Found a large runed translucent door.
 18161 | Gauntlet | Found a large runed translucent door.
 18161 | Gauntlet | Found a large runed translucent door.
 18161 | Gauntlet | Found a large runed translucent door.
 18161 | Gauntlet | Found a large runed translucent door.
 18161 | Gauntlet | Found a large runed translucent door.
 18161 | Gauntlet | Found a runed translucent door.
 18161 | Gauntlet | Found a runed translucent door.
 18161 | Gauntlet | Found a large runed translucent door.
 18161 | Gauntlet | Found a large runed translucent door.
 18161 | Gauntlet | Found a large runed translucent door.
 18161 | Gauntlet | Found a large runed translucent door.
 18161 | Gauntlet | Found a large runed translucent door.
 18161 | Gauntlet | Found a large runed translucent door.
 18165 | Gauntlet | Found a transporter.
 18165 | Gauntlet | Found a transporter.
 18174 | Gauntlet | Noticed a great orb of eyes
 18177 | Gauntlet | Found a transporter.
 18194 | Gauntlet | Noticed a two-headed ogre
 18196 | Gauntlet | Found a transporter.
 18202 | Gauntlet | a two-headed ogre changed into a swamp dragon
 18204 | Gauntlet | Found a transporter.
 18206 | Gauntlet | Found a transporter.
 18206 | Gauntlet | Found a transporter.
 18206 | Gauntlet | Noticed a hell hog
 18210 | Gauntlet | Found a transporter.
 18227 | Gauntlet | Noticed a spark wasp
 18228 | Gauntlet | Noticed an alligator
 18228 | Gauntlet | a spark wasp changed into an alligator
 18231 | Gauntlet | an alligator changed into a wolf spider
 18234 | Gauntlet | Found a transporter.
 18247 | Gauntlet | Found a large runed translucent door.
 18248 | Gauntlet | Found a large runed translucent door.
 18250 | Gauntlet | Found a runed translucent gate.
 18251 | Gauntlet | Found a runed translucent gate.
 18252 | Gauntlet | Found a runed translucent gate.
 18252 | Gauntlet | Found a transporter.
 18268 | Gauntlet | Found a large runed translucent door.
 18269 | Gauntlet | Found a large runed translucent door.
 18297 | Gauntlet | Found a transporter.
 18309 | Gauntlet | Found a transporter.
 18310 | Gauntlet | Noticed a hell beast
 18409 | Gauntlet | Found a transporter.
 18411 | Gauntlet | Noticed a death yak
 18420 | Gauntlet | Noticed an entropy weaver
 18421 | Gauntlet | Found a transporter.
 18436 | Gauntlet | Noticed a catoblepas
 18438 | Gauntlet | Noticed an azure jelly
 18438 | Gauntlet | a catoblepas changed into an azure jelly
 18456 | Gauntlet | Noticed a caustic shrike
 18459 | Gauntlet | Noticed an acid blob
 18459 | Gauntlet | a caustic shrike changed into an acid blob
 18462 | Gauntlet | Noticed a shadow dragon
 18462 | Gauntlet | an acid blob changed into a shadow dragon
 18842 | Lair:5   | Noticed a seven-headed hydra
 18849 | Lair:5   | Killed a two-headed hydra
 18983 | Lair:5   | Noticed an ice dragon
 19003 | Lair:5   | Killed an ice dragon
 19005 | Lair:5   | Noticed Rupert
 19068 | Lair:5   | HP: 2/99 [Rupert/+1 great mace of crushing (6)]
 19069 | Lair:5   | Mangled by Rupert

Vault maps used:
D:1:      onia_arrival_mini_maze
D:2:      chequers_ecumenical_altar_simple_redux, minmay_rat_gold_closets,
          uniq_sigmund
D:4:      gup_sewer_entry_pipe, gammafunk_ghost_nasty_kobolds,
          uniq_blork_the_orc, uniq_robin
D:5:      gammafunk_temple_overflow_pools, first_ration, serial_shops,
          shop_fountains, uniq_prince_ribbit1, uniq_pikel
D:6:      temple_doors_cd, serial_shops, nicolae_shop_behind_doors,
          uniq_duvessa, uniq_eustachio, uniq_crazy_yiuf_cottage
D:7:      overflow_temple_1_default, grunt_temple_overflow_diamond
D:8:      hangedman_ranch, uniq_harold
D:9:      erik_lair_dragon, gammafunk_ghost_smash, hangedman_feature_mirror
D:10:     orc_0_dummy
Lair:1:   serial_bayou_ford_a, uniq_gastronok
Lair:2:   minmay_shoals_entry_beasts, ebering_ghost_xom,
          hangedman_lair_unloving_vines, st_stairs_10
Lair:3:   dummy_snake_entry, minmay_holes, chequers_serial_rivers_small_3
Lair:4:   uniq_sonja
Lair:5:   minmay_slime_entry_oklob_open, gauntlet_entry_generic,
          bobbens_ice_dragon_lair, grunt_megastairs_3, uniq_rupert
Sewer:    sewer_co_15_rooms
Gauntlet: gammafunk_gauntlet_branching

Skill      XL: |  1  2  3  4  5  6  7  8  9 10 11 12 |
---------------+-------------------------------------+-----
Axes           | 2 3 |  3.2
Armour         | 3 4 5 6 7 8 9 |  9.7
Shields        | 3 4 5 6 7 9 |  9.8
Fighting       | 4 6 7 8 9 10 | 10.6
Unarmed Combat | 1 3 4 6 8 10 11 | 11.3
Invocations    | 4 |  4.9

Action                   |  1- 3 |  4- 6 |  7- 9 | 10-12 || total
-------------------------+-------+-------+-------+-------++-------
Melee: War axe           |   137 |       |       |       ||   137
       Short sword       |    30 |   263 |   110 |       ||   403
       Hand axe          |       |       |   286 |   609 ||   895
Invok: Upheaval          |       |       |       |     1 ||     1
       Elemental Force   |       |       |       |     1 ||     1
Evoke: Phial of floods   |       |       |       |     1 ||     1
  Use: Potion            |     5 |       |     3 |     2 ||    10
       Scroll            |       |       |    11 |     6 ||    17
 Stab: Invisible         |     1 |       |       |       ||     1
       Distracted        |       |       |     1 |     9 ||    10
  Eat: Chunk             |     4 |     7 |    17 |    28 ||    56
       Ration            |       |       |       |     1 ||     1
Armor: Scale mail        |    92 |    92 |    95 |       ||   279
       Chain mail        |       |       |    83 |   171 ||   254
Dodge: Dodged            |    60 |    68 |   125 |   145 ||   398
       Deflected         |       |       |       |     1 ||     1
Block: Shield            |   109 |   103 |   211 |   626 ||  1049

Table legend:
 A = Non-vault XP
 B = Vault XP
 C = Vault XP percentage of total XP
 D = Non-vault monster count
 E = Vault monster count
 F = Vault count percentage of total count
                 A         B        C        D         E       F
            +---------+---------+-------+---------+---------+-------
      Total |   26455 |    9795 |  27.0 |     297 |      79 |  21.0
            +---------+---------+-------+---------+---------+-------
        D:1 |      22 |       1 |   4.3 |      13 |       1 |   7.1
        D:2 |      62 |       7 |  10.1 |      26 |       7 |  21.2
        D:3 |      72 |       0 |   0.0 |      28 |       0 |   0.0
        D:4 |     407 |     161 |  28.3 |      23 |      22 |  48.9
        D:5 |     538 |     845 |  61.1 |      28 |       2 |   6.7
        D:6 |     588 |     395 |  40.2 |      23 |       3 |  11.5
        D:7 |     677 |       0 |   0.0 |      21 |       0 |   0.0
        D:8 |    2110 |    2841 |  57.4 |      29 |       9 |  23.7
        D:9 |    1698 |     998 |  37.0 |      21 |       8 |  27.6
       D:10 |    1119 |       0 |   0.0 |       6 |       0 |   0.0
     Lair:1 |    1322 |    2231 |  62.8 |      10 |       1 |   9.1
     Lair:2 |    5927 |    1045 |  15.0 |      22 |       3 |  12.0
     Lair:3 |    5211 |       0 |   0.0 |      22 |       0 |   0.0
     Lair:4 |    1996 |     443 |  18.2 |      11 |       1 |   8.3
     Lair:5 |    4706 |     740 |  13.6 |      14 |       4 |  22.2
      Sewer |       0 |      88 | 100.0 |       0 |      18 | 100.0
            +---------+---------+-------+---------+---------+-------
